 Dungeon Crawl Stone Soup version 0.28-a0-1159-g27aa881441 (webtiles) character file.

Game seed: 8120735148688107336

470 browni3141 the Tainter (level 7, -2/46 HPs)
             Began as a Formicid Venom Mage on Dec 16, 2021.
             Slain by a phantom (3 damage)
             ... on level 5 of the Dungeon.
             The game lasted 00:18:24 (4842 turns).

browni3141 the Tainter (Formicid Venom Mage)        Turns: 4842, Time: 00:18:25

Health: -2/46      AC:  7    Str: 12    XL:     7   Next: 31%
Magic:  11/11      EV: 10    Int: 20    God:
Gold:   263        SH:  5    Dex: 11    Spells: 2/12 levels left

rFire   . . .      SeeInvis +   m - +0 flail
rCold   . . .      Faith    .   (no shield)
rNeg    + . .      Spirit   .   u - +1 ring mail "Xiomaw" {rElec Int+3}
rPois   .          Reflect  +   (helmet unavailable)
rElec   +          Harm     .   (no cloak)
rCorr   .          Rampage  .   (no gloves)
Will    .....                   n - +0 pair of boots
Stlth   +.........              q - amulet of reflection
HPRegen 0.15/turn               r - ring of positive energy
MPRegen 0.12/turn               (no ring)

@: no status effects
A: permanent stasis, dig shafts and tunnels, antennae 3, four strong arms
a: Dig, Shaft Self


You were on level 5 of the Dungeon.
You visited 1 branch of the dungeon, and saw 5 of its levels.

You collected 263 gold pieces.

Inventory:

Hand Weapons
 c - a +0 dagger
 e - a +0 whip
 j - a +0 mace
 m - a +0 flail (weapon)
Missiles
 f - 46 stones
Armour
 a - a +0 robe
 d - a +0 leather armour
 n - a +0 pair of boots (worn)
 u - the +1 ring mail "Xiomaw" (worn) {rElec Int+3}
   (You found it on level 4 of the Dungeon)

   Int:       It affects your intelligence (+3).
   rElec:     It insulates you from electricity.
Jewellery
 q - an amulet of reflection (around neck)
 r - a ring of positive energy (left hand)
Scrolls
 b - a scroll of silence {unknown}
 i - 3 scrolls of torment {unknown}
 k - a scroll of vulnerability {unknown}
 s - a scroll of fear {unknown}
 w - a scroll of blinking {unknown}
 x - a scroll of teleportation {unknown}
Potions
 g - 2 potions of berserk rage
 l - a potion of ambrosia
 o - a potion of degeneration
 p - a potion of mutation {unknown}
 t - a potion of brilliance {unknown}
Miscellaneous
 v - a piece from Xom's chessboard (14/15)


   Skills:
 - Level 1.7 Dodging
 - Level 2.4 Stealth
 - Level 3.0 Spellcasting
 * Level 1.6 Conjurations
 - Level 1.1 Transmutations
 * Level 1.6 Air Magic
 * Level 8.9 Poison Magic


You had 2 spell levels left.
You knew the following spells:

 Your Spells              Type           Power      Damage    Failure   Level
a - Sting                 Tmut/Pois      92%        1d7       4%          1
b - Poisonous Vapours     Pois/Air       48%        N/A       5%          2
c - Olgreb's Toxic Radia  Pois           38%        N/A       9%          4
d - Mephitic Cloud        Conj/Pois/Air  19%        N/A       19%         3

Your spell library contained the following spells:

 Spells                   Type           Power      Damage    Failure   Level
 Beastly Appendage        Tmut           14%        N/A       21%         1
 Foxfire                  Conj/Fire      24%        2x1d5     22%         1
 Wereblood                Tmut           7%         N/A       30%         2
 Spider Form              Tmut/Pois      23%        N/A       12%         3
 Conjure Flame            Conj/Fire      6%         6-21      56%         3
 Inner Flame              Hex/Fire       3%         N/A       67%         3
 Flame Wave               Conj/Fire      6%         2d4       92%         4


Dungeon Overview and Level Annotations

Branches:
Dungeon (5/15)
 Temple: D:4-7

Altars:
Kikubaaqudgha
Sif Muna

Shops:
D:5 *(

Annotations:
D:5 exclusion: 4 doors, Dowan, Duvessa


Innate Abilities, Weirdness & Mutations

You cannot be hasted, slowed, berserked, paralysed or teleported.
You can dig through walls and to a lower floor.
You have a pair of large antennae on your head. (SInv)
Your four strong arms can wield two-handed weapons with a shield.


Message History

You hit the phantom.
The phantom is almost destroyed.
The phantom hits you.
* * * LOW HITPOINT WARNING * * *
The phantom hits you but does no damage.
Unknown command.
You hit the phantom but do no damage.
The phantom is almost destroyed.
The phantom closely misses you.
Unknown command.
You barely miss the phantom.
The phantom is almost destroyed.
You block the phantom's attack. x2
Unknown command.
You barely miss the phantom.
The phantom is almost destroyed.
The phantom hits you.
* * * LOW HITPOINT WARNING * * *
Unknown command.
You barely miss the phantom.
The phantom is almost destroyed.
The phantom barely misses you.
Unknown command.
You miss the phantom.
The phantom is almost destroyed.
The phantom closely misses you. The phantom barely misses you.
Unknown command.
You hit the phantom.
The phantom is almost destroyed.
The phantom barely misses you.
Unknown command.
You hit the phantom.
The phantom is almost destroyed.
The phantom closely misses you. The phantom hits you.
* * * LOW HITPOINT WARNING * * *
Unknown command.
You completely miss the phantom.
The phantom is almost destroyed.
The phantom hits you.
You die...

......#.......#...∩.#...##....
......#########.....######....
....................# #.....
....................# #.....
....................# ##+###
....................# #.....
..............Z.....# #.....
......########W.....# #.....
..... #@#.....# #..... ....
###.....#####..... ...
#............... ..
#.....#..#...#.. .
#.....##..#.#..+
#.....##...∩....
#.....##..#.#...
#.....##.#...#..
#.....##.......#


You could see a phantom and a water moccasin skeleton.

Vanquished Creatures
  An ogre (D:4)
  A scorpion (D:4)
  2 hounds
  2 iguanas
  A hound skeleton (D:4)
  3 gnolls (D:4)
  10 adders
  A white imp (D:5)
  2 worms
  3 dart slugs
  6 orcs
  4 ball pythons
  3 endoplasms
  4 giant cockroaches
  9 goblins
  2 hobgoblins
  4 jackals (D:4)
  8 kobolds
  2 quokkas (D:1)
  5 bats
  3 frilled lizards (D:2)
  5 rats
81 creatures vanquished.

Vanquished Creatures (others)
  A plant (D:5)
1 creature vanquished.

Grand Total: 82 creatures vanquished

Notes
Turn   | Place    | Note
-------+----------+-------------------------------------------
     0 | D:1      | browni3141 the Formicid Venom Mage began the quest for the
                  | Orb.
     0 | D:1      | Reached XP level 1. HP: 13/13 MP: 3/3
   372 | D:1      | Reached XP level 2. HP: 19/19 MP: 3/5
   379 | D:1      | Learned a level 2 spell: Poisonous Vapours
   582 | D:1      | Reached skill level 5 in Poison Magic
  1003 | D:1      | Found a faded altar of an unknown god.
  1085 | D:1      | Reached XP level 3. HP: 24/24 MP: 2/6
  1332 | D:2      | Reached skill level 6 in Poison Magic
  1332 | D:2      | Reached XP level 4. HP: 30/30 MP: 2/7
  1433 | D:2      | Learned a level 4 spell: Olgreb's Toxic Radiance
  1691 | D:2      | Reached skill level 7 in Poison Magic
  1800 | D:2      | Reached XP level 5. HP: 35/35 MP: 4/8
  2376 | D:3      | Found an ancient bone altar of Kikubaaqudgha.
  2774 | D:4      | Noticed an ogre
  2967 | D:4      | Found a shimmering blue altar of Sif Muna.
  3084 | D:4      | Reached skill level 8 in Poison Magic
  3084 | D:4      | Reached XP level 6. HP: 41/41 MP: 4/9
  3326 | D:4      | Learned a level 3 spell: Mephitic Cloud
  3484 | D:4      | Killed an ogre
  3485 | D:4      | Reached skill level 1 in Air Magic
  3722 | D:4      | Reached skill level 1 in Conjurations
  3795 | D:4      | Identified the +1 ring mail "Xiomaw" {rElec Int+3}
  3968 | D:4      | Reached XP level 7. HP: 46/46 MP: 6/11
  4128 | D:5      | Entered Level 5 of the Dungeon
  4355 | D:5      | Noticed Duvessa
  4355 | D:5      | Noticed Dowan
  4767 | D:5      | Found Cairgh's Weapon Emporium.
  4784 | D:5      | Found Saem's General Store.
  4841 | D:5      | HP: 1/46 [phantom (3)]
  4842 | D:5      | Slain by a phantom

Illustrated notes

Levels and vault maps discovered:
D:1:      scummos_arrival_checkerplants, layout_loops_ring,
          dreamdust_ecumenical_altar_hidden_monk_grotto, lemuel_old_faithful
D:2:      layout_rooms, hex_large
D:3:      layout_basic, kiku_gazebo_garden_becter
D:4:      layout_cave_pods, amcnicky_altar_gilded, minmay_checkerbox
D:5:      layout_gridville, serial_shops, shop_statue,
          nicolae_shop_advertising_works [nicolae_subvault_shop_adworks], shop,
          nicolae_shop_overgrown_old_shop, nicolae_lakefront_shop,
          cheibrodos_gnoll_hut, uniq_duvessa

Skill      XL: |  1  2  3  4  5  6 |
---------------+-------------------+-----
Poison Magic   | 5 6 7 8 |  8.9
Spellcasting   | 3 |  3.0
Air Magic      | 1 |  1.6
Conjurations   | 1 |  1.6
Dodging        | |  1.7
Stealth        | |  2.4
Transmutations | |  1.1

Action                   |  1- 3 |  4- 6 |  7- 9 || total
-------------------------+-------+-------+-------++-------
Melee: Unarmed           |       |    34 |     7 ||    41
       Flail             |       |       |    35 ||    35
 Cast: Sting             |    27 |    45 |    10 ||    82
       Poisonous Vapours |    10 |    29 |     6 ||    45
       Olgreb's Toxic Ra |       |     5 |       ||     5
       Mephitic Cloud    |       |     1 |       ||     1
 Abil: Dig               |     1 |       |     1 ||     2
Evoke: Piece from Xom's  |       |       |     1 ||     1
  Use: Scroll            |       |       |     3 ||     3
 Stab: Sleeping          |       |     1 |       ||     1
Armor: Robe              |     1 |    10 |       ||    11
       Ring mail         |       |       |    22 ||    22
Dodge: Dodged            |     9 |    26 |    22 ||    57
Block: Other             |       |    11 |    11 ||    22

Table legend: (Time is in decaauts)
 A = Elapsed time spent in this place.
 B = Non-inter-level travel time spent in this place.
 C = Inter-level travel time spent in this place.
 D = Time resting spent in this place.
 E = Time spent auto-exploring this place.
 F = Levels seen in this place.
 G = Mean time per level.
                   A        B        C        D        E       F      G
               +--------+--------+--------+--------+--------+-----+--------+
         Total |   4861 |   4566 |    295 |    366 |   2826 |   5 |  972.2 |
       Dungeon |   4861 |   4566 |    295 |    366 |   2826 |   5 |  972.2 |
               +--------+--------+--------+--------+--------+-----+--------+

Top non-repeatable levels by time:
     D:4: 1767 daAuts
     D:1: 1119 daAuts
     D:2: 916 daAuts
     D:3: 563 daAuts
     D:5: 494 daAuts
